 Dungeon Sprint DCSS version 0.26.1-10-gdfb7c7de75 (webtiles) character file.

Game seed: 16740952749147068047

3474 phalm the Grappler (level 10, -1/60 HPs)
             Began as a Vine Stalker Berserker on Apr 8, 2021.
             Was a High Priest of Trog.
             Slain by a cane toad (3 damage)
             ... in the Dungeon (Sprint IX: "|||||||||||||||||||||||||||||").
             The game lasted 00:02:32 (476 turns).

phalm the Grappler (Vine Stalker Berserker)          Turns: 476, Time: 00:02:33

Health: -1/60      AC: 15    Str: 20    XL:     10   Next: 6%
Magic:  0/11       EV: 16    Int:  7    God:    Trog [*****.]
Gold:   0          SH:  0    Dex: 20    Spells: 9/9 levels left

rFire    . . .     SeeInvis .     - Unarmed
rCold    . . .     Faith    .   (no shield)
rNeg     . . .     Spirit   +   n - +1 chain mail
rPois    .         Reflect  .   (no helmet)
rElec    .         Harm     .   (no cloak)
rCorr    .         Rampage  .   k - +0 pair of gloves
Will     +....     NoTele   +   j - +0 pair of boots
Stlth    ..........             (no amulet)
HPRegen  0.60/turn              l - +3 ring of dexterity
MPRegen  0.12/turn              m - +2 ring of evasion

@: berserk cooldown, hasted and slowed
A: fangs 3, regeneration 1, magic shield, antimagic bite, no potion heal 3
a: Renounce Religion, Berserk, Trog's Hand, Brothers in Arms


You were in the Dungeon.
You worshipped Trog.
Trog was extremely pleased with you.
You visited 1 branch

Inventory:

Armour
 a - a +0 animal skin
 j - a +0 pair of boots (worn)
 k - a +0 pair of gloves (worn)
 n - a +1 chain mail (worn)
Jewellery
 l - a +3 ring of dexterity (left hand)
 m - a +2 ring of evasion (right hand)
Wands
 i - a wand of iceblast (10)
Scrolls
 f - 2 scrolls of blinking
 h - 4 scrolls of remove curse
 p - 2 scrolls of enchant armour
 q - a scroll of identify
 r - a scroll of fear
 s - a scroll of fog
Potions
 b - 7 potions of curing
 d - 4 potions of magic
 e - a potion of berserk rage
 g - a potion of invisibility
 o - a potion of flight


   Skills:
 + Level 10.9 Fighting
 + Level 9.9 Armour
 + Level 9.9 Dodging
 + Level 11.7 Unarmed Combat


You had 9 spell levels left.
You didn't know any spells.
Your spell library was empty.

Dungeon Overview and Level Annotations

Branches:
Dungeon (1/1)

Altars:
Cheibriados
Dithmenos
Elyvilon
Fedhas
Gozag
Hepliaklqana
Kikubaaqudgha
Makhleb
Nemelex Xobeh
Okawaru
Qazlal
Ru
Sif Muna
Trog
Uskayaw
Vehumet
Wu Jian
Xom
Yredelemnul
Zin
The Shining One
Beogh
Jiyva
Lugonu


Innate Abilities, Weirdness & Mutations

You have razor-sharp teeth.
Your natural rate of healing is unusually fast.
When hurt, damage is shared between your health and your magic reserves.
Your bite disrupts and absorbs the magic of your enemies.
Potions cannot restore your health.


Message History

* * * LOW HITPOINT WARNING * * *
The catoblepas gores you but does no damage.
The catoblepas gores you!
* * * LOW HITPOINT WARNING * * *
You turn to flesh and can move again.
You have no ailments to cure.
You feel yourself speed up. The catoblepas gores you!
* * * LOW HITPOINT WARNING * * *
You punch the catoblepas! Your bite misses the catoblepas.
The catoblepas is almost dead.
The catoblepas gores you.
* * * LOW HITPOINT WARNING * * *
You punch the catoblepas!
You kill the catoblepas!
Trog accepts your kill.
You have reached level 10!
You hit the cane toad.
The cane toad is lightly wounded.
The cane toad stings you.
You die...

▓.▓.▓)▓
▓'▓.▓.▓
▓_▓.▓.▓
▓_▓.▓.▓
▓_▓.▓.▓
▓_▓.▓.▓
▓_▓.▓)▓
▓_▓.▓†▓
▓_▓.▓@▓
▓_▓.▓F▓
▓_▓.▓F▓
▓_▓.▓.▓
▓_▓.▓l▓
▓_▓.▓.▓
▓_▓.▓.▓
▓_▓.▓.▓
▓_▓.▓


You could see a cane toad, a basilisk and a bullfrog.

Vanquished Creatures
  A catoblepas (D)
  A two-headed ogre (D)
  An ugly thing (D)
  A cane toad (D)
  A rime drake (D)
  2 komodo dragons (D)
  A polar bear (D)
  A hog (shapeshifter) (D)
  A black bear (D)
  A phantom (D)
  A centaur (D)
  2 bullfrogs (D)
  A scorpion (D)
  An iguana (D)
  A worker ant (D)
  An adder zombie (D)
  An orc (D)
  2 giant cockroaches (D)
  A goblin (D)
  A hobgoblin (D)
  A jackal (D)
  A ball python zombie (D)
  A jackal zombie (D)
  2 rats (D)
28 creatures vanquished.

Notes
Turn   | Place    | Note
-------+----------+-------------------------------------------
     0 | D        | phalm the Vine Stalker Berserker began the quest for the
                  | Orb.
     0 | D        | Reached XP level 1. HP: 11/11 MP: 2/2
    11 | D        | Reached ** piety under Trog
    70 | D        | Noticed a scorpion
    70 | D        | Noticed a worker ant
    73 | D        | Reached XP level 2. HP: 16/16 MP: 3/3
    77 | D        | Killed a scorpion
    77 | D        | Reached *** piety under Trog
    78 | D        | Reached skill level 4 in Unarmed Combat
    78 | D        | Reached XP level 3. HP: 21/21 MP: 2/4
    78 | D        | Gained mutation: Your natural rate of healing is unusually
                  | fast. [Vine Stalker growth]
    78 | D        | Reached XP level 4. HP: 25/25 MP: 2/5
    83 | D        | Reached skill level 5 in Unarmed Combat
   125 | D        | Found a roughly hewn altar of Beogh.
   125 | D        | Found a snail-covered altar of Cheibriados.
   125 | D        | Found a shadowy altar of Dithmenos.
   125 | D        | Found a white marble altar of Elyvilon.
   125 | D        | Found a blossoming altar of Fedhas.
   125 | D        | Found an opulent altar of Gozag.
   126 | D        | Found a hazy altar of Hepliaklqana.
   127 | D        | Found a viscous altar of Jiyva.
   128 | D        | Found an ancient bone altar of Kikubaaqudgha.
   129 | D        | Found a corrupted altar of Lugonu.
   130 | D        | Found a burning altar of Makhleb.
   131 | D        | Found a sparkling altar of Nemelex Xobeh.
   132 | D        | Found an iron altar of Okawaru.
   133 | D        | Found a stormy altar of Qazlal.
   134 | D        | Found a sacrificial altar of Ru.
   135 | D        | Found a shimmering blue altar of Sif Muna.
   136 | D        | Found a bloodstained altar of Trog.
   137 | D        | Found a hide-covered altar of Uskayaw.
   138 | D        | Found a radiant altar of Vehumet.
   139 | D        | Found an ornate altar of the Wu Jian Council.
   140 | D        | Found a shimmering altar of Xom.
   141 | D        | Found a basalt altar of Yredelemnul.
   142 | D        | Found a glowing silver altar of Zin.
   143 | D        | Found a glowing golden altar of the Shining One.
   198 | D        | Noticed a bullfrog
   198 | D        | Noticed a two-headed ogre
   198 | D        | Noticed a centaur
   202 | D        | Killed a bullfrog
   202 | D        | Reached **** piety under Trog
   203 | D        | Reached skill level 5 in Fighting
   203 | D        | Reached XP level 5. HP: 30/30 MP: 6/6
   210 | D        | Killed a two-headed ogre
   211 | D        | Reached skill level 9 in Unarmed Combat
   211 | D        | Reached XP level 6. HP: 34/39 MP: 7/7
   211 | D        | Reached XP level 7. HP: 38/43 MP: 8/8
   213 | D        | Reached ***** piety under Trog
   217 | D        | Gained mutation: You have razor-sharp teeth. [Vine Stalker
                  | growth]
   217 | D        | Reached XP level 8. HP: 31/48 MP: 9/9
   256 | D        | Noticed a white ugly thing
   261 | D        | Received a gift from Trog
   268 | D        | Killed a white ugly thing
   271 | D        | Reached skill level 10 in Unarmed Combat
   276 | D        | Reached XP level 9. HP: 26/53 MP: 5/10
   426 | D        | Noticed a komodo dragon
   426 | D        | Noticed a cane toad
   426 | D        | Noticed a polar bear
   426 | D        | Noticed a komodo dragon
   426 | D        | Noticed a rime drake
   427 | D        | Noticed a catoblepas
   430 | D        | Killed a komodo dragon
   431 | D        | Killed a cane toad
   432 | D        | Reached skill level 10 in Fighting
   438 | D        | Noticed a cane toad
   444 | D        | Killed a polar bear
   445 | D        | Reached skill level 11 in Unarmed Combat
   447 | D        | Killed a komodo dragon
   447 | D        | Received a gift from Trog
   452 | D        | Killed a rime drake
   473 | D        | HP: 1/55 [catoblepas (12)]
   475 | D        | Killed a catoblepas
   476 | D        | Reached XP level 10. HP: 1/60 MP: 0/11
   476 | D        | Slain by a cane toad

Illustrated notes

Levels and vault maps discovered:
D:        linesprint [early_d, line_temple, items_1, d_10, items_2, lair_1,
          lair_end, items_3, orc_1, orc_end, items_4, d_15, swamp_1, shoals_1,
          snake_1, spider_1, d_20, vaults_1, items_5, swamp_end, shoals_end,
          snake_end, spider_end, vaults_end, d_27, items_6, zot_1, zot_end,
          crypt_end, forest_end, elf_end, slime_end, tomb_end, abyss_end,
          pan_hell_end]

Skill      XL: |  1  2  3  4  5  6  7  8  9 |
---------------+----------------------------+-----
Fighting       | 3 4 5 8 9 10 | 10.9
Armour         | 2 3 4 7 8 9 |  9.9
Dodging        | 2 3 4 7 8 9 |  9.9
Unarmed Combat | 4 5 9 10 11 | 11.7

Action                   |  1- 3 |  4- 6 |  7- 9 | 10-12 || total
-------------------------+-------+-------+-------+-------++-------
Melee: Unarmed           |    13 |    20 |    41 |     1 ||    75
       Bite              |     2 |    10 |    21 |       ||    33
       Punch             |       |       |     4 |       ||     4
Invok: Berserk           |     2 |     1 |     2 |       ||     5
       Trog's Hand       |       |       |     1 |       ||     1
  Use: Potion            |       |       |     1 |       ||     1
 Stab: Petrified         |       |       |     2 |       ||     2
Armor: Chain mail        |       |     2 |    13 |       ||    15
Dodge: Dodged            |     3 |    11 |    12 |       ||    26
